 Seeded DCSS version 0.29.1-15-g9cfb28693d (webtiles) character file.

Game seed: 15822848163574757677 (custom seed)

599 kingofthe the Conjurer (level 7, 0/36 HPs)
             Began as a Deep Elf Conjurer on Mar 9, 2023.
             Was an Initiate of Sif Muna.
             Slain by Duvessa
             ... wielding a +0 rapier
              (4 damage)
             ... on level 4 of the Dungeon.
             The game lasted 00:07:32 (4104 turns).

kingofthe the Conjurer (Deep Elf Conjurer)          Turns: 4104, Time: 00:07:33

Health: 0/36       AC:  4    Str:  4    XL:     7   Next: 17%
Magic:  27/27      EV: 13    Int: 23    God:    Sif Muna [......]
Gold:   238        SH:  0    Dex: 15    Spells: 10/18 levels left

rFire   . . .      SeeInvis .   a - staff of conjuration {!a}
rCold   . . .      Faith    .   (no shield)
rNeg    . . .      Spirit   .   w - +0 robe
rPois   .          Reflect  .   (no helmet)
rElec   .          Harm     .   (no cloak)
rCorr   .          Rampage  .   h - +0 pair of gloves
Will    .....                   t - +0 pair of boots
Stlth   ++........              (no amulet)
HPRegen 0.12/turn               M - ring of magical power
MPRegen 0.20/turn               (no ring)

@: no status effects
A: no striking features
a: Renounce Religion


You were on level 4 of the Dungeon.
You worshipped Sif Muna.
Sif Muna was noncommittal.
You visited 1 branch of the dungeon, and saw 4 of its levels.

You collected 238 gold pieces.


   Skills:
 - Level 3.5 Dodging
 - Level 3.0 Stealth
 + Level 6.1 Spellcasting
 + Level 6.3 Conjurations
 * Level 5.6 Hexes


You had 10 spell levels left.
You knew the following spells:

 Your Spells              Type           Power      Damage    Failure   Level
a - Magic Dart            Conj           100%       1d8       1%          1
b - Searing Ray           Conj           100%       2d8       1%          2
c - Foxfire               Conj/Fire      100%       2x1d9     2%          1
d - Fulminant Prism       Conj/Hex       25%        3d14      8%          4

Your spell library contained the following spells:

 Spells                   Type           Power      Damage    Failure   Level
 Dazzling Flash           Conj/Hex       100%       N/A       2%          3
 Conjure Flame            Conj/Fire      32%        6-21      7%          3
 Stone Arrow              Conj/Erth      64%        3d11      7%          3
 Inner Flame              Hex/Fire       19%        N/A       8%          3
 Portal Projectile        Hex/Tloc       38%        N/A       8%          3
 Mephitic Cloud           Conj/Pois/Air  25%        N/A       11%         3
 Flame Wave               Conj/Fire      32%        2d9       22%         4
 Iskenderun's Mystic Bla  Conj/Tloc      32%        2d8       22%         4
 Call Canine Familiar     Summ           7%         N/A       26%         3
 Ignite Poison            Fire/Tmut/Pois 7%         N/A       26%         3
 Leda's Liquefaction      Hex/Erth       9%         N/A       26%         4
 Animate Armour           Summ/Erth      14%        N/A       63%         4
 Freezing Cloud           Conj/Ice/Air   12%        6-21      69%         5
 Lehudib's Crystal Spear  Conj/Erth      16%        10d5      100%        8

Inventory:

Missiles
 r - a throwing net {=f}
Armour
 h - a +0 pair of gloves (worn)
 i - the +1 ring mail "Vuekuas" {Will+ Str+3}
   (You found it on level 2 of the Dungeon)

   Str:       It affects your strength (+3).
   Will:      It increases your willpower.
 o - the +3 scale mail of the Viny Hot Ocelot {rElec rPois Stlth+}
   (You found it on level 3 of the Dungeon)

   rElec:     It insulates you from electricity.
   rPois:     It protects you from poison.
   Stlth:     It makes you more stealthy.
 s - the +2 buckler of the Wasteland {+Inv Dex+2 Stlth-}
   (You found it on level 4 of the Dungeon)

   Dex:       It affects your dexterity (+2).
   +Inv:      It lets you turn invisible.
   Stlth:     It makes you less stealthy.
 t - a +0 pair of boots (worn)
 w - a +0 robe (worn)
Magical Staves
 a - a staff of conjuration (weapon) {!a}
 b - a staff of fire {!a}
 c - a staff of cold {!a}
Jewellery
 M - a ring of magical power (left hand)
Wands
 k - a wand of quicksilver (2)
Scrolls
 f - 2 scrolls of vulnerability {unknown}
 g - a scroll of brand weapon {unknown}
 j - 2 scrolls of teleportation {unknown}
 n - a scroll of noise {unknown}
 u - 2 scrolls of amnesia {unknown}
 z - 6 scrolls of identify {unknown}
Potions
 d - 3 potions of haste {unknown}
 e - a potion of experience {unknown}
 l - a potion of curing {unknown}
 m - 2 potions of mutation {unknown}
 p - a potion of degeneration {unknown}
 q - a potion of flight {unknown}
 v - 2 potions of ambrosia {unknown}
 x - a potion of resistance {unknown}
 y - a potion of magic

Dungeon Overview and Level Annotations

Branches:
Dungeon (4/15)
 Temple: D:4-7

Altars:
Sif Muna
Trog
Zin

Annotations:
D:4 Dowan, Duvessa

# #.....##################... #
####.## #............. #
#.#########..)........## #####
##......##............## ....#
#....<................# ....#
#....#######..........### ....##
#.....### #...e......##. .....##
#.....<.####..........##.
......###....##.@e............)..
....#..##....#######.............
#####..####### #...........#.
#####..# ###....###(..#
...##..######## ######.##.#####..
...###........# #......##.....##.
...####.#####.# #.#######.....##.
.........# #.###.# #.....##.
...####..####.#...## #.....##.


You could see Duvessa (fast) and Dowan.


Message History

Nothing appears to happen.
Casting: Foxfire (safe; 2% risk of failure)
Confirm with . or Enter, or press ? or * to list all spells.
You feel a surge of power!
You conjure some foxfire!
Casting: Foxfire (safe; 2% risk of failure)
Confirm with . or Enter, or press ? or * to list all spells.
You feel a surge of power!
You conjure some foxfire!
The foxfire hits the ball python.
The ball python is heavily wounded.
The ball python hisses angrily.
The foxfire hits the ball python!
You kill the ball python!
Sif Muna accepts your kill.
You hear a shout!
Duvessa, Sister of Dowan comes into view.
She is wielding a +0 rapier.
Your foxfire dissipates!
Your magical contamination has completely faded away.
Dowan gestures at Duvessa while chanting.
Duvessa seems to speed up.
Duvessa attacks as you move away! Duvessa misses you.
Duvessa attacks as you move away! Duvessa hits you with a +0 rapier!
Duvessa hits you with a +0 rapier.
* * * LOW HITPOINT WARNING * * *
Duvessa barely misses you. Duvessa attacks as you move away!
Duvessa hits you with a +0 rapier!
* * * LOW HITPOINT WARNING * * *
Duvessa hits you with a +0 rapier!
* * * LOW HITPOINT WARNING * * *
Duvessa attacks as you move away! Duvessa hits you with a +0 rapier.
You die...

Skill      XL: |  1  2  3  4  5  6  7 |
---------------+----------------------+-----
Dodging        | 3 |  3.5
Stealth        | 3 |  3.0
Spellcasting   | 4 5 6 |  6.1
Conjurations   | 5 6 |  6.3
Hexes          | 2 3 5 |  5.6

Action                   |  1- 3 |  4- 6 |  7- 9 || total
-------------------------+-------+-------+-------++-------
 Cast: Magic Dart        |    73 |    29 |     1 ||   103
       Foxfire           |     9 |    35 |     9 ||    53
       Searing Ray       |     1 |     6 |       ||     7
Armor: Robe              |     1 |     2 |     1 ||     4
Dodge: Dodged            |     5 |     5 |     5 ||    15

Levels and vault maps discovered:
D:1:      heliophobic_arrival_enchanted_forest, layout_loops_ring,
          minmay_misc_feat_enclosed, minmay_tromino_v4_a
D:2:      kennysheep_big_flooded_room, layout_rooms, kennysheep_generic_room_13
D:3:      layout_loops_corners, zin_statuary, mainiacjoe_overflow_boulevard,
          mainiacjoe_overflow_six_doors_small, guppyfry_early_lair_pool,
          uniq_jessica
D:4:      layout_rooms, uniq_duvessa

Notes
Turn   | Place    | Note
-------+----------+-------------------------------------------
     0 | D:1      | kingofthe the Deep Elf Conjurer began the quest for the
                  | Orb.
     0 | D:1      | Reached XP level 1. HP: 10/10 MP: 6/6
   215 | D:1      | Reached XP level 2. HP: 15/15 MP: 1/8
   279 | D:1      | Learned a level 2 spell: Searing Ray
   627 | D:1      | Reached skill level 3 in Dodging
   679 | D:1      | Reached XP level 3. HP: 19/19 MP: 6/10
  1357 | D:2      | Identified the +1 ring mail "Vuekuas" {Will+ Str+3}
  1531 | D:2      | Learned a level 1 spell: Foxfire
  1601 | D:2      | Reached skill level 3 in Stealth
  1601 | D:2      | Reached skill level 4 in Spellcasting
  1742 | D:3      | Noticed Jessica
  1750 | D:3      | Killed Jessica
  1751 | D:3      | Reached skill level 5 in Conjurations
  1751 | D:3      | Reached XP level 4. HP: 4/24 MP: 7/12
  2030 | D:3      | Found a bloodstained altar of Trog.
  2109 | D:3      | Identified the +3 scale mail of the Viny Hot Ocelot {rElec
                  | rPois Stlth+}
  2246 | D:3      | Learned a level 4 spell: Fulminant Prism
  2532 | D:3      | Found a shimmering blue altar of Sif Muna.
  2553 | D:3      | Became a worshipper of Sif Muna the Loreminder
  2963 | D:3      | Found a glowing silver altar of Zin.
  3064 | D:4      | Noticed a scorpion
  3072 | D:4      | Killed a scorpion
  3073 | D:4      | Reached skill level 2 in Hexes
  3073 | D:4      | Reached XP level 5. HP: 28/28 MP: 7/14
  3190 | D:4      | Noticed an ogre
  3198 | D:4      | Killed an ogre
  3199 | D:4      | Reached skill level 5 in Spellcasting
  3199 | D:4      | Reached skill level 3 in Hexes
  3199 | D:4      | Reached XP level 6. HP: 32/32 MP: 9/15
  3203 | D:4      | Identified the +2 buckler of the Wasteland {+Inv Dex+2
                  | Stlth-}
  3409 | D:4      | Reached skill level 4 in Hexes
  3535 | D:4      | Reached skill level 6 in Conjurations
  3683 | D:4      | Reached skill level 5 in Hexes
  3683 | D:4      | Reached XP level 7. HP: 36/36 MP: 16/17
  3826 | D:4      | Noticed Dowan
  3920 | D:4      | Reached skill level 6 in Spellcasting
  4080 | D:4      | Noticed Duvessa
  4104 | D:4      | Slain by Duvessa

Vanquished Creatures
  2 ogres (D:4)
  2 phantoms (D:4)
  2 scorpions (D:4)
  Jessica (D:3)
  An iguana (D:4)
  3 adders
  2 worms (D:2)
  3 dart slugs
  4 orcs (D:3)
  8 endoplasms
  A giant cockroach (D:1)
  9 goblins
  5 hobgoblins
  4 jackals (D:3)
  4 quokkas
  10 ball pythons
  3 bats
  4 frilled lizards (D:1)
  9 kobolds
  2 rats
79 creatures vanquished.

Vanquished Creatures (others)
  90 foxfires
90 creatures vanquished.

Grand Total: 169 creatures vanquished

Table legend: (Time is in decaauts)
 A = Elapsed time spent in this place.
 B = Non-inter-level travel time spent in this place.
 C = Inter-level travel time spent in this place.
 D = Time resting spent in this place.
 E = Time spent auto-exploring this place.
 F = Levels seen in this place.
 G = Mean time per level.
                   A        B        C        D        E       F      G
               +--------+--------+--------+--------+--------+-----+--------+
         Total |   4102 |   3936 |    166 |    360 |   3017 |   4 | 1025.5 |
       Dungeon |   4102 |   3936 |    166 |    360 |   3017 |   4 | 1025.5 |
               +--------+--------+--------+--------+--------+-----+--------+

Top non-repeatable levels by time:
     D:3: 1353 daAuts
     D:1: 1074 daAuts
     D:4: 1022 daAuts
     D:2: 651 daAuts

Table legend:
 A = Non-vault XP
 B = Vault XP
 C = Vault XP percentage of total XP
 D = Non-vault monster count
 E = Vault monster count
 F = Vault count percentage of total count
                 A         B        C        D         E       F
            +---------+---------+-------+---------+---------+-------
      Total |     807 |      50 |   5.8 |      71 |       8 |  10.1
            +---------+---------+-------+---------+---------+-------
        D:1 |      46 |       6 |  11.5 |      27 |       4 |  12.9
        D:2 |      34 |       7 |  17.1 |      10 |       3 |  23.1
        D:3 |      36 |      37 |  50.7 |      15 |       1 |   6.2
        D:4 |     691 |       0 |   0.0 |      19 |       0 |   0.0
            +---------+---------+-------+---------+---------+-------
